 Dungeon Crawl Stone Soup version 0.20.1-1-g8b1a95d (webtiles) character file.

165 Reeggar the Covered (level 5, -1/41 HPs)
             Began as a Demonspawn Fighter on Oct 24, 2017.
             Was a Follower of Cheibriados.
             Slain by a slave (7 damage)
             ... led by Pikel
             ... on level 4 of the Dungeon on Oct 25, 2017.
             The game lasted 00:15:47 (2675 turns).

Reeggar the Covered (Demonspawn Fighter)            Turns: 2675, Time: 00:15:47

Health: -1/41      AC: 10    Str: 24    XL:     5   Next: 21%
Magic:  5/5        EV:  8    Int: 11    God:    Cheibriados [*.....]
Gold:   174        SH: 10    Dex: 15    Spells: 4/4 levels left

rFire    . . .     SeeInvis .   a - +0 long sword
rCold    . . .     Gourm    .   c - +0 shield
rNeg     . . .     Faith    .   b - +0 scale mail
rPois    .         Spirit   .   (helmet unavailable)
rElec    .         Reflect  .   (no cloak)
rCorr    .         Harm     +   t - +2 pair of gloves
MR       .....                  (no boots)
Stlth    ..........             p - amulet of harm
Regen    0.2/turn               (no ring)
MPRegen  0.1/turn               (no ring)

@: mighty, very slow
A: claws 1, horns 3
a: Bend Time, Renounce Religion


You were on level 4 of the Dungeon.
You worshipped Cheibriados.
Cheibriados was aware of your devotion.
You were not hungry.

You visited 1 branch of the dungeon, and saw 4 of its levels.

You collected 174 gold pieces.

Inventory:

Hand Weapons
 a - a +0 long sword (weapon)
Missiles
 q - 8 tomahawks (quivered)
Armour
 b - a +0 scale mail (worn)
 c - a +0 shield (worn)
 j - a +0 pair of gloves
 t - a +2 pair of gloves (worn)
Jewellery
 p - an amulet of harm (around neck)
 u - an uncursed ring of see invisible {unknown}
Scrolls
 e - a scroll of fog {unknown}
 i - a scroll of amnesia
 l - a scroll of enchant weapon {unknown}
 m - 3 scrolls of teleportation {unknown}
 n - a scroll of enchant armour {unknown}
 r - a scroll of fear {unknown}
Potions
 o - a potion of cancellation {unknown}
Comestibles
 g - a royal jelly
 k - 2 meat rations
 s - a bread ration


   Skills:
 + Level 3.2 Fighting
 + Level 3.1 Long Blades
 + Level 3.8 Armour
 + Level 1.3 Dodging
 + Level 0.4 Stealth
 + Level 3.2 Shields


You had 4 spell levels left.
You didn't know any spells.

Dungeon Overview and Level Annotations

Branches:
Dungeon (4/15)
 Temple: D:4-7

Altars:
Cheibriados
Hepliaklqana

Annotations:
D:4 Pikel


Innate Abilities, Weirdness & Mutations

You have sharp fingernails.
You have a pair of large horns on your head.


Message History

You feel sick. The slave hits you but does no damage. The slave hits you.
* * * LOW HITPOINT WARNING * * *
The adder bites you but does no damage. Pikel hits you but does no damage.
You feel better. You block the adder's attack.
The slave hits you but does no damage. x2; You block Pikel's attack.
A hound comes into view.
The hound barks!
You slash Pikel! Your headbutt misses Pikel.
Pikel is moderately wounded.
You block the adder's attack. You block the slave's attack. x2
The adder barely misses you. Pikel barely misses you.
You miss Pikel.
Pikel is moderately wounded.
The slave hits you.
* * * LOW HITPOINT WARNING * * *
The adder bites you but does no damage. You block the slave's attack.
Pikel hits you with a whip of electrocution.
* * * LOW HITPOINT WARNING * * *
The slave hits you.
You die...

#.......?.....# .#
#.............# ..#
#...........!#
...###...<.......##
.....%......<....#
....h..#p.......##
....[..pl.....###
......Sp#c..###
......p@K####
$....###.# .....
#..# .... ##.# ...
.) #.. #.# .. #.#


You could see Pikel, 4 slaves, a centaur, a hound, an adder and a frilled
lizard.

Vanquished Creatures
  A scorpion (D:3)
  Terence (D:3)
  3 adders (D:3)
  A worm (D:3)
  2 dart slugs (D:2)
  2 leopard geckos
  4 orcs (D:3)
  5 bats
  3 giant cockroaches
  10 goblins
  7 hobgoblins
  3 jackals (D:1)
  3 frilled lizards
  3 kobolds
  5 rats
53 creatures vanquished.

Notes
Turn   | Place    | Note
-------+----------+-------------------------------------------
     0 | D:1      | Reeggar the Demonspawn Fighter began the quest for the Orb.
     0 | D:1      | Reached XP level 1. HP: 18/18 MP: 1/1
   157 | D:1      | Gained mutation: You have sharp fingernails. [demonic ancestry]
   157 | D:1      | Reached XP level 2. HP: 13/24 MP: 2/2
  1096 | D:2      | Found a hazy altar of Hepliaklqana.
  1410 | D:2      | Found a snail-covered altar of Cheibriados.
  1423 | D:2      | Gained mutation: You have a pair of small horns on your head. [demonic ancestry]
  1423 | D:2      | Reached XP level 3. HP: 22/29 MP: 3/3
  1439 | D:2      | Became a worshipper of Cheibriados the Contemplative
  2066 | D:3      | Noticed Terence
  2088 | D:3      | Noticed a scorpion
  2089 | D:3      | Killed Terence
  2089 | D:3      | Reached skill level 1 in Dodging
  2089 | D:3      | Gained mutation: You have a pair of horns on your head. [demonic ancestry]
  2089 | D:3      | Reached XP level 4. HP: 21/35 MP: 4/4
  2276 | D:3      | Gained mutation: You have a pair of large horns on your head. [demonic ancestry]
  2276 | D:3      | Reached XP level 5. HP: 41/41 MP: 5/5
  2276 | D:3      | Reached * piety under Cheibriados
  2650 | D:4      | Noticed a slave
  2651 | D:4      | Noticed a slave
  2651 | D:4      | Noticed a slave
  2652 | D:4      | Noticed Pikel
  2654 | D:4      | Noticed a slave
  2666 | D:4      | Noticed a centaur
  2675 | D:4      | Slain by a slave

Skill      XL: |  1  2  3  4 |
---------------+-------------+-----
Armour         | 3 |  3.8
Long Blades    | 2 3 |  3.1
Shields        | 3 |  3.2
Dodging        | 1 |  1.3
Fighting       | |  3.2
Stealth        | |  0.4

Action                   |  1- 3 |  4- 6 || total
-------------------------+-------+-------++-------
Melee: Long sword        |   126 |    34 ||   160
       Headbutt          |     7 |     5 ||    12
  Use: Scroll            |     3 |     1 ||     4
       Potion            |     5 |     2 ||     7
  Eat: Chunk             |     3 |       ||     3
       Bread ration      |     1 |       ||     1
Armor: Scale mail        |    96 |    56 ||   152
Dodge: Dodged            |    49 |    31 ||    80
Block: Shield            |    82 |    46 ||   128
       Rpst.: Long sword |    15 |     8 ||    23
